 Dungeon Crawl Stone Soup version 0.29.1-2-gbd0b4ee654 (webtiles) character file.

Game seed: 5431894845457691780

75 LustLizard the Sneak (level 4, 0/33 HPs)
             Began as a Spriggan Air Elementalist on Nov 21, 2022.
             Succumbed to an adder's poison
             ... on level 2 of the Dungeon.
             The game lasted 00:04:39 (2451 turns).

LustLizard the Sneak (Spriggan Air Elementalist)    Turns: 2451, Time: 00:04:40

Health: 0/33       AC: 22    Str:  4    XL:     4   Next: 11%
Magic:  4/10       EV:  4    Int: 18    God:
Gold:   58         SH:  0    Dex: 15    Spells: 8/9 levels left

rFire   . . .      SeeInvis +   c - +0 dagger
rCold   . . .      Faith    .   (no shield)
rNeg    . . .      Spirit   .   (body armour currently unavailable)
rPois   +          Reflect  .   (helmet currently unavailable)
rElec   .          Harm     .   (cloak currently unavailable)
rCorr   .          Rampage  .   (gloves unavailable)
Will    .....      NoTele   +   (boots unavailable)
Stlth   +++.......              (no amulet)
HPRegen 0.11/turn               (no ring)
MPRegen 0.12/turn               (no ring)

@: lethally poisoned (0 -> -1), tree-form
A: stationary, stasis, torment immunity, boosted hp, very small, no large
weapons, unfitting armour, see invisible, (speed 3)
a: no special abilities


You were on level 2 of the Dungeon.
You were a tree.
You visited 1 branch of the dungeon, and saw 2 of its levels.

You collected 58 gold pieces.

Inventory:

Hand Weapons
 c - a +0 dagger (weapon)
Armour
 a - a +0 robe (melded)
Scrolls
 f - a scroll of fear {unknown}
 g - 2 scrolls of immolation {unknown}
 i - a scroll of enchant weapon {unknown}
 j - a scroll of poison {unknown}
 k - 3 scrolls of vulnerability {unknown}
Potions
 b - a potion of magic
 e - a potion of berserk rage {unknown}
 h - a potion of mutation {unknown}


   Skills:
 + Level 1.0 Fighting
 - Level 2.6 Dodging
 + Level 3.9 Stealth
 + Level 3.3 Spellcasting
 + Level 1.2 Conjurations
 * Level 3.4 Air Magic


You had 8 spell levels left.
You knew the following spells:

 Your Spells              Type           Power      Damage    Failure   Level
a - Shock                 Conj/Air       44%        1d5       6%          1

Your spell library contained the following spells:

 Spells                   Type           Power      Damage    Failure   Level
 Static Discharge         Conj/Air       11%        3-5/arc   9%          2
 Swiftness                Air            15%        N/A       12%         3
 Airstrike                Air            7%         2d(2-18)  36%         4


Dungeon Overview and Level Annotations

Branches:
Dungeon (2/15)

Altars:


Innate Abilities, Weirdness & Mutations

You are a tree.
Your roots penetrate the ground, keeping you stationary.
You cannot be teleported.
You are immune to unholy pain and torment.
Your maximum health is greatly increased.
Your equipment is partially melded.
You are very small and have problems with some larger weapons.
You are too small for most types of armour.
You have supernaturally acute eyesight. (SInv)
((You cover ground extremely quickly. (Speed+++)))


Message History

The adder is almost dead.
The zap hits the giant cockroach.
The giant cockroach is severely wounded.
You feel sick. The adder bites you.
You are more poisoned.
The adder poisons you! The adder bites you.
You feel sick.
You feel sick.
* * * LOW HITPOINT WARNING * * *
You feel sick.
* * * LOW HITPOINT WARNING * * *
You feel sick.
It was a potion of lignification.
You turn into a tree.
Your +0 robe melds into your body.
Your roots penetrate the ground.
You feel sick.
You hit the adder but do no damage.
The adder is severely wounded.
You feel sick.
The giant cockroach bites you but does no damage.
The adder bites you but does no damage.
The giant cockroach completely misses you.
You hit the adder but do no damage.
The adder is severely wounded.
You feel sick. The adder bites you but does no damage.
The giant cockroach barely misses you. The adder bites you.
* * * LOW HITPOINT WARNING * * *
Aiming: Shock (safe; 6% risk of failure)
Press: ? - help, Q - select action Shift-Dir - straight line, f/p - adder
Aim: an adder (severely wounded, 48% to hit)
The zap misses the adder.
* * * LOW HITPOINT WARNING * * *
You feel sick.
The giant cockroach bites you but does no damage.
The adder bites you.
* * * LOW HITPOINT WARNING * * *
Aiming: Shock (safe; 6% risk of failure)
Press: ? - help, Q - select action Shift-Dir - straight line, f/p - adder
Aim: an adder (severely wounded, 48% to hit)
The zap misses the adder.
You die...

.# #.....#......# #..#####.#.##
.# #.†..†#......# #.######...#.
.# #.....#......####.##...#..##.
.####..#...................#..#..
##..............#.........÷..##..
~#..............#.......[....##..
~#...............#######.....##..
~#.............S.#######......#..
.'.............B♣................
~#...............................
~#.........####..................
~#.##......# ##.................
##.######....# #......###.##.###.
#.# ##....######### #.##.# #. #.#
###.... ..#####....# #. #.# #.###
#..........###. #.##### #.#
#####.........


You could see an adder and a giant cockroach.

Vanquished Creatures
  2 adders (D:2)
  A gnoll (D:1)
  4 ball pythons
  3 endoplasms
  5 giant cockroaches
  3 goblins (D:1)
  2 hobgoblins (D:1)
  8 jackals (D:1)
  2 kobolds (D:1)
  3 quokkas
  4 bats
  5 rats (D:1)
42 creatures vanquished.

Notes
Turn   | Place    | Note
-------+----------+-------------------------------------------
     0 | D:1      | LustLizard the Spriggan Air Elementalist began the quest
                  | for the Orb.
     0 | D:1      | Reached XP level 1. HP: 9/9 MP: 5/5
   218 | D:1      | Reached XP level 2. HP: 12/13 MP: 0/6
   791 | D:1      | Reached skill level 1 in Conjurations
   868 | D:1      | Reached XP level 3. HP: 17/17 MP: 3/8
  2084 | D:2      | Reached skill level 1 in Fighting
  2084 | D:2      | Reached XP level 4. HP: 18/22 MP: 1/10
  2450 | D:2      | HP: 1/33 [adder (1)]
  2451 | D:2      | Succumbed to an adder's poison

Illustrated notes

Levels and vault maps discovered:
D:1:      saegor_arrival_simple_b, layout_basic
D:2:      layout_rooms, kennysheep_generic_room_10

Skill      XL: |  1  2  3 |
---------------+----------+-----
Spellcasting   | 3 |  3.3
Air Magic      | 3 |  3.4
Conjurations   | 1 |  1.2
Fighting       | 1 |  1.0
Dodging        | |  2.6
Stealth        | |  3.9

Action                   |  1- 3 |  4- 6 || total
-------------------------+-------+-------++-------
Melee: Unarmed           |    21 |       ||    21
       Dagger            |       |     2 ||     2
 Cast: Shock             |   103 |    21 ||   124
  Use: Potion            |       |     1 ||     1
Armor: Robe              |     3 |     1 ||     4
       Skin              |       |     4 ||     4
Dodge: Dodged            |    37 |     4 ||    41
